 Dungeon Sprint DCSS version 0.16-a0-3781-g2316936 (console) character file.

392 Monkaria the Cleaver (level 6, -13/67 HPs)
             Began as a Hill Orc Fighter on Jan 25, 2015.
             Killed from afar by a gargoyle (28 damage)
             ... with a stone arrow
             ... in the Dungeon (Sprint I: "Red Sonja").
             The game lasted 00:01:01 (890 turns).

Monkaria the Cleaver (Hill Orc Fighter)              Turns: 890, Time: 00:01:01

Health: -13/67     AC:  6    Str: 21    XL:     6   Next: 81%
Magic:  6/6        EV:  7    Int:  8    God:
Gold:   323        SH:  9    Dex: 10    Spells: 0 memorised, 5 levels left

rFire  . . .     SeeInvis .     a - +0 war axe
rCold  . . .     Clarity  .     b - +0 scale mail
rNeg   . . .     SustAb   .     c - +0 shield
rPois  .         Gourm    .     (no helmet)
rElec  .         Spirit   .     (no cloak)
rCorr  .         Warding  .     (no gloves)
rMut   .         NoTele   +     (no boots)
MR     .....                    (no amulet)
Stlth  ..........               (no ring)
                                (no ring)

@: not resistant to hostile enchantments, extremely unstealthy
A: no striking features
a: no special abilities


You were in the Dungeon.
You were not hungry.

You visited 1 branch You collected 323 gold pieces.

Inventory:

Hand weapons
 a - a +0 war axe (weapon)
Armour
 b - a +0 scale mail (worn)
 c - a +0 shield (worn)
Scrolls
 k - a scroll of blinking
Potions
 e - a potion of might
 f - a potion of curing
 g - a potion of heal wounds
 h - a potion of haste
 i - 2 potions of magic
 j - a potion of berserk rage
Comestibles
 d - a meat ration


   Skills:
 + Level 10.3 Fighting
 * Level 14.4 Axes
 - Level 3.2 Armour
 - Level 3.2 Shields


You had 5 spell levels left.
You didn't know any spells.

Dungeon Overview and Level Annotations

Branches:
Dungeon (1/1)

Altars:
Cheibriados
Dithmenos
Fedhas
Sif Muna
Vehumet
Jiyva

Annotations:
D Sonja


Message History

Sonja wields an uncursed dagger of distortion.
Its appearance distorts for a moment.
You block Sonja's attack. Sonja hits you but does no damage.
Sonja hits you with an uncursed dagger of distortion.
You miss Sonja. You hit the gargoyle but do no damage.
The gargoyle is heavily damaged.
Sonja completely misses you. Sonja hits you but does no damage.
Space bends around you.
Sonja hits you with an uncursed dagger of distortion.
You feel a strange sense of stasis.
The gargoyle hurls a stone arrow at you.
The stone arrow hits you!
* * * LOW HITPOINT WARNING * * *
Unknown command.
Sonja hits you but does no damage. Space bends around you.
* * * LOW HITPOINT WARNING * * *
You block Sonja's attack. Sonja hits you but does no damage.
The gargoyle hurls a stone arrow at you.
The stone arrow hits you!
You die...

###################
#<.#..').#..'..#__#
#..').#..').#..'..+
#..#####'#####'#__#
#..# #..#...#[####
#..# ####..##.#
#..# ##'#..+ #⌠⌠#
+.K@_# #### #_.#'#
##9#.# #.### $.$
#$.$# ##(## #+#


You could see Sonja and a gargoyle.

Vanquished Creatures
  A slime creature (D)
  An ogre (D)
  Sigmund (D)
  A jelly (D)
  Ijyb (D)
5 creatures vanquished.

Vanquished Creatures (others)
  A deep elf master archer (D)
  A deep elf annihilator (D)
  2 sirens (D)
  4 wasps (D)
  A giant eyeball (D)
9 creatures vanquished.

Grand Total: 14 creatures vanquished

Notes
Turn   | Place    | Note
--------------------------------------------------------------
     0 | D        | Monkaria, the Hill Orc Fighter, began the quest for the Orb.
     0 | D        | Reached XP level 1. HP: 19/19 MP: 1/1
     1 | D        | Noticed Ijyb
    13 | D        | Killed Ijyb
    13 | D        | Reached skill level 5 in Fighting
    13 | D        | Reached skill level 6 in Axes
    13 | D        | Reached XP level 2. HP: 16/29 MP: 2/2
   145 | D        | Killed a siren
   152 | D        | Killed a wasp
   153 | D        | Killed a wasp
   154 | D        | Noticed an ogre
   158 | D        | Killed a wasp
   161 | D        | Killed an ogre
   161 | D        | Reached skill level 7 in Fighting
   161 | D        | Reached skill level 9 in Axes
   161 | D        | Reached XP level 3. HP: 6/39 MP: 3/3
   161 | D        | Reached XP level 4. HP: 7/47 MP: 4/4
   184 | D        | Killed a deep elf master archer
   223 | D        | Killed a deep elf annihilator
   263 | D        | Killed a siren
   392 | D        | Killed a wasp
   424 | D        | Noticed Sigmund
   441 | D        | Killed Sigmund
   441 | D        | Reached skill level 11 in Axes
   441 | D        | Reached XP level 5. HP: 26/56 MP: 5/5
   614 | D        | Found a deep blue altar of Sif Muna.
   615 | D        | Noticed a jelly
   616 | D        | Found a radiant altar of Vehumet.
   621 | D        | Killed a jelly
   621 | D        | Reached skill level 12 in Axes
   692 | D        | Found a snail-covered altar of Cheibriados.
   692 | D        | Found a viscous altar of Jiyva.
   692 | D        | Found a shadowy altar of Dithmenos.
   692 | D        | Found a blossoming altar of Fedhas.
   692 | D        | Noticed a slime creature
   700 | D        | Killed a slime creature
   700 | D        | Reached skill level 10 in Fighting
   700 | D        | Reached skill level 14 in Axes
   700 | D        | Reached XP level 6. HP: 28/67 MP: 6/6
   884 | D        | Noticed Sonja
   884 | D        | Noticed a gargoyle
   890 | D        | Killed from afar by a gargoyle

Action                   |  1- 3 |  4- 6 || total
-------------------------+-------+-------++-------
Melee: War axe           |    18 |    28 ||    46
